 Dungeon Crawl Stone Soup version 0.31-a0-455-g1a7b003ef0 (webtiles) character file.

Game seed: 659545459766427415

770 Midn8 the Cutter (level 7, -10/40 HPs)
             Began as a Deep Elf Shapeshifter on Aug 3, 2023.
             Was a Priest of Fedhas.
             Shot with an arrow by a centaur (11 damage)
             ... on level 6 of the Dungeon.
             The game lasted 00:16:42 (4858 turns).

Midn8 the Cutter (Deep Elf Shapeshifter)            Turns: 4858, Time: 00:16:43

Health: -10/40     AC:  5    Str: 12    XL:     7   Next: 52%
Magic:  12/12      EV: 12    Int: 13    God:    Fedhas [***...]
Gold:   233        SH:  0    Dex: 21    Spells: 6/6 levels left

rFire   . . .        t - +2 short sword (venom)
rCold   . . .        (no shield)
rNeg    . . .        y - +2 leather armour "Ruess" {Drain rCorr Dex+4}
rPois   .            (helmet currently unavailable)
rElec   .            (cloak currently unavailable)
rCorr   +            (gloves currently unavailable)
SInv    .            (boots currently unavailable)
Will    .....        (no amulet)
Stlth   ++           (no ring)
HPRegen 0.26/turn    (no ring)
MPRegen 0.13/turn

%: no passive effects
@: beast-form, invisible
A: beast (slay +2)
a: Begin Untransformation, Renounce Religion, Wall of Briars, Grow
Ballistomycete


You were on level 6 of the Dungeon.
You worshipped Fedhas.
Fedhas was most pleased with you.
You were a hulking beast.
You visited 1 branch of the dungeon, and saw 6 of its levels.

You collected 233 gold pieces.

Inventory:

Hand Weapons
 d - a +0 short sword
 p - a +2 dagger of protection
 t - a +2 short sword of venom (weapon)
Armour
 a - a +0 animal skin
 s - a +0 leather armour
 u - a +0 ring mail
 v - a +0 pair of gloves
 w - a +2 cloak
 y - the +2 leather armour "Ruess" (worn) {Drain rCorr Dex+4}
   (You found it on level 5 of the Dungeon)

   Dex:       It affects your dexterity (+4).
   rCorr:     It protects you from acid and corrosion.
   Drain:     It drains your maximum health when unequipped.
Magical Staves
 g - a staff of conjuration
Talismans
 c - a beast talisman (active)
Wands
 l - a wand of flame (14)
Scrolls
 b - a scroll of butterflies
 f - a scroll of torment
 h - a scroll of brand weapon {unknown}
 i - a scroll of immolation
 j - a scroll of poison {unknown}
 o - a scroll of teleportation
 q - a scroll of silence {unknown}
 r - a scroll of fog {unknown}
 x - a scroll of enchant weapon {unknown}
Potions
 e - a potion of invisibility
 k - a potion of heal wounds
 m - 3 potions of curing
 n - 2 potions of cancellation
 z - a potion of attraction
 A - a potion of degeneration {unknown}


   Skills:
 + Level 2.8 Fighting
 - Level 6.0 Short Blades
 - Level 2.4 Dodging
 - Level 3.0 Stealth
 - Level 2.4 Unarmed Combat
 - Level 4.0 Invocations
 - Level 3.2 Shapeshifting


You had 6 spell levels left.
You didn't know any spells.
Your spell library contained the following spells:

 Spells                   Type           Power      Damage    Failure   Level
 Necrotise                Necr           0%         1d4       36%         1
 Sting                    Tmut/Pois      0%         1d3       36%         1
 Poisonous Vapours        Pois/Air       0%         N/A       52%         2
 Ignite Poison            Fire/Tmut/Pois 0%         N/A       75%         3
 Portal Projectile        Hex/Tloc       0%         N/A       75%         3
 Tukima's Dance           Hex            0%         N/A       75%         3
 Vampiric Draining        Necr           0%         2d6       75%         3
 Iskenderun's Mystic Bla  Conj/Tloc      0%         2d3       98%         4
 Olgreb's Toxic Radiance  Pois           0%         N/A       98%         4
 Sticky Flame             Conj/Fire      0%         2d3       98%         4
 Agony                    Necr           0%         N/A       100%        5
 Ignition                 Fire           0%         3d3       100%        8


Dungeon Overview and Level Annotations

Branches:
Dungeon (6/15)             Temple (0/1) D:4

Altars:
Fedhas
Nemelex Xobeh
Trog

Shops:
D:2 :

Annotations:
D:3 Sigmund
D:4 3 runed translucent doors, arthad's ghost, amateur GnWn


Message History

You add the spells Sting, Poisonous Vapours and Olgreb's Toxic Radiance to your library.
The centaur shouts!
The centaur wields a +0 shortbow.
The centaur shoots an arrow.
The arrow hits you!
An orc comes into view.
It is wielding a +1 falchion of electrocution.
Found 5 stones.
The centaur shoots an arrow.
The arrow misses you.
Found a stone staircase leading down.
The centaur shoots an arrow.
The arrow hits you!
The centaur shoots an arrow.
The arrow hits you!
The centaur shoots an arrow.
The arrow hits you but does no damage.
The centaur unwields a +0 shortbow.
The centaur barely misses you. The centaur closely misses you.
The centaur hits you. The centaur barely misses you.
You hit the centaur but do no damage. The centaur misses you. x2
You hit the centaur.
The centaur is poisoned.
The centaur is lightly wounded.
The centaur hits you.
* * * LOW HITPOINT WARNING * * *
The centaur closely misses you. The jelly hits you but does no damage.
You fade into invisibility!
The centaur hits you.
* * * LOW HITPOINT WARNING * * *
The centaur kicks you but does no damage.
The jelly closely misses you.
Unknown command.
You barely miss the centaur.
The centaur is heavily wounded.
You puncture the jelly!
The jelly is poisoned.
Your hands burn!
* * * LOW HITPOINT WARNING * * *
The jelly is heavily wounded.
The jelly barely misses you.
You puncture the jelly!
You kill the jelly!
Fedhas accepts your kill.
You can now grow a ballistomycete.
The centaur wields a +0 shortbow.
The centaur shoots an arrow.
The arrow hits you!
* * * LOW HITPOINT WARNING * * *
The centaur shoots an arrow.
The arrow hits you!
You die...
Fedhas appreciates your contribution to the ecosystem.

#....##...##.#.#
##............#.#
.............#..#
#(.............# .#
#...........#..# ..
##.............## ..
##....#....c...# .J
>#......##..##..# ..
##..###.h...###..... ..
##. #..##..####... .. #.
##..###........ ..
######.###...##.........
..
........................
..
............##...c...##.
.#
...........###.#######
...........##..#
#.............##


You could see a centaur (unable to see you, very poisoned).

Vanquished Creatures
  An ogre (D:5)
  3 scorpions
  4 wights (D:5)
  A jelly (D:6)
  2 iguanas (D:5)
  Robin (D:3)
  7 adders
  2 worms (D:2)
  3 dart slugs
  2 orcs
  7 bats
  10 endoplasms
  2 giant cockroaches
  13 goblins
  8 hobgoblins
  7 jackals (D:3)
  10 kobolds
  5 quokkas
  7 ball pythons
  2 frilled lizards (D:1)
  3 rats
100 creatures vanquished.

Vanquished Creatures (collateral kills)
  A howler monkey (D:3)
  A goblin (D:3)
  3 hobgoblins (D:3)
  10 ballistomycete spores
15 creatures vanquished.

Vanquished Creatures (others)
  A sleepcap (D:5)
  A bat (D:5)
  A ballistomycete spore (D:5)
3 creatures vanquished.

Grand Total: 118 creatures vanquished

Notes
Turn   | Place    | Note
-------+----------+-------------------------------------------
     0 | D:1      | Midn8 the Deep Elf Shapeshifter began the quest for the
                  | Orb.
     0 | D:1      | Reached XP level 1. HP: 11/11 MP: 3/3
    32 | D:1      | Found a faded altar of an unknown god.
    41 | D:1      | Prayed at the altar of an unknown god.
    41 | D:1      | Became a worshipper of Fedhas Madash
    41 | D:1      | Reached * piety under Fedhas
    58 | D:1      | Reached skill level 1 in Stealth
   206 | D:1      | Reached XP level 2. HP: 16/16 MP: 4/4
   470 | D:1      | Reached skill level 1 in Short Blades
   537 | D:1      | Reached ** piety under Fedhas
   638 | D:1      | Reached XP level 3. HP: 20/20 MP: 5/5
   924 | D:2      | Reached skill level 2 in Short Blades
  1451 | D:2      | Reached XP level 4. HP: 10/24 MP: 6/6
  1670 | D:2      | Found Umeypp's Book Shop.
  1773 | D:2      | Reached skill level 3 in Short Blades
  2021 | D:3      | Found a blossoming altar of Fedhas.
  2190 | D:3      | Found a bloodstained altar of Trog.
  2190 | D:3      | Found a sparkling altar of Nemelex Xobeh.
  2191 | D:3      | Noticed Sigmund
  2231 | D:4      | Noticed arthad's ghost (amateur GnWn)
  2258 | D:4      | Found a runed translucent gate.
  2258 | D:4      | Found a runed translucent gate.
  2259 | D:4      | Found a runed translucent gate.
  2341 | D:4      | Noticed a scorpion
  2357 | D:4      | Killed a scorpion
  2358 | D:4      | Reached skill level 4 in Short Blades
  2358 | D:4      | Reached skill level 1 in Invocations
  2358 | D:4      | Reached XP level 5. HP: 28/28 MP: 6/8
  2436 | D:3      | Reached *** piety under Fedhas
  2447 | D:3      | Noticed Robin
  2458 | D:3      | Killed Robin
  2914 | D:4      | Found a staircase to the Ecumenical Temple.
  2989 | D:4      | Identified the +4 mace of Destiny {distort, rPois MP-9
                  | Str+6 Stlth+}
  3405 | D:5      | Entered Level 5 of the Dungeon
  3415 | D:5      | Identified the +8 falchion of the Big Bang {heavy, rPois}
  3439 | D:5      | Reached XP level 6. HP: 33/33 MP: 10/10
  3767 | D:5      | Reached skill level 5 in Short Blades
  3984 | D:5      | Reached XP level 7. HP: 21/37 MP: 12/12
  4090 | D:5      | Reached skill level 6 in Short Blades
  4112 | D:5      | Reached skill level 1 in Fighting
  4195 | D:5      | Identified the +2 leather armour "Ruess" {Drain rCorr
                  | Dex+4}
  4857 | D:6      | HP: 1/40 [centaur/arrow (8)]
  4858 | D:6      | Shot with an arrow by a centaur

Illustrated notes

Levels and vault maps discovered:
D:1:      zelgadis_glass_arrival_small, layout_rooms, basic_ecumenical_altar,
          chequers_garden, chequers_serial_rivers_micro_c, minmay_surrounded
D:2:      layout_basic, serial_shops, nicolae_shop_hallway_plus
D:3:      layout_rooms, lemuel_tele_altar, mainiacjoe_overflow_catwalk_spiral,
          uniq_sigmund, uniq_robin
D:4:      layout_loops_cross, minmay_temple_entry_ruins, gammafunk_ghost_split
D:5:      layout_loops_ring, water_maze_lemuel
D:6:      layout_rooms, nicolae_overflow_hidden_temple

Skill      XL: |  1  2  3  4  5  6  7 |
---------------+----------------------+-----
Stealth        | 2 3 |  3.0
Short Blades   | 1 2 4 5 6 |  6.0
Invocations    | 1 3 4 |  4.0
Fighting       | 2 |  2.8
Dodging        | |  2.4
Unarmed Combat | |  2.4
Shapeshifting  | |  3.2

Action                     |  1- 3 |  4- 6 |  7- 9 || total
---------------------------+-------+-------+-------++-------
  Melee: Unarmed           |    18 |     4 |       ||    22
         Short sword       |   118 |   135 |    12 ||   265
         Punch             |       |     5 |       ||     5
         Dagger            |       |    26 |       ||    26
 Invoke: Grow Ballistomyce |       |     2 |     1 ||     3
         Wall of Briars    |       |     2 |       ||     2
  Evoke: Wand              |       |     3 |       ||     3
    Use: Scroll            |     3 |     7 |       ||    10
         Potion            |       |     1 |     1 ||     2
   Stab: Sleeping          |     6 |       |       ||     6
         Distracted        |     1 |     2 |       ||     3
 Armour: Animal skin       |    23 |    16 |       ||    39
         Skin              |       |     4 |       ||     4
         Ring mail         |       |     7 |       ||     7
         Leather armour    |       |     2 |     4 ||     6
  Dodge: Dodged            |    77 |   119 |    13 ||   209

Table legend: (Time is in decaauts)
 A = Elapsed time spent in this place.
 B = Non-inter-level travel time spent in this place.
 C = Inter-level travel time spent in this place.
 D = Time resting spent in this place.
 E = Time spent auto-exploring this place.
 F = Levels seen in this place.
 G = Mean time per level.
                   A        B        C        D        E       F      G
               +--------+--------+--------+--------+--------+-----+--------+
         Total |   4812 |   4350 |    462 |    644 |   2483 |   6 |  802.0 |
       Dungeon |   4812 |   4350 |    462 |    644 |   2483 |   6 |  802.0 |
               +--------+--------+--------+--------+--------+-----+--------+

Top non-repeatable levels by time:
     D:5: 1313 daAuts
     D:2: 1251 daAuts
     D:1: 808 daAuts
     D:4: 777 daAuts
     D:3: 622 daAuts
     D:6: 38 daAuts
